 Dungeon Crawl Stone Soup version 0.30-a0-860-g512cf1e979 (webtiles) character file.

Game seed: 9387665997907665671

9375 jimonade the Thaumaturge (level 11, -3/77 HPs)
             Began as a Djinni Warper on Mar 8, 2023.
             Was an Elder of Okawaru.
             Slain by a vampire (12 damage)
             ... on level 12 of the Dungeon.
             The game lasted 00:43:30 (14261 turns).

jimonade the Thaumaturge (Djinni Warper)           Turns: 14261, Time: 00:43:31

Health: -3/77      AC:  7    Str: 14    XL:     11   Next: 73%
Gold:   606        EV: 19    Int: 15    God:    Okawaru [****..] SH:  5 Dex: 13

rFire   + + .      SeeInvis .    T - +3 scimitar (flame)
rCold   x . .      Faith    .    (no shield)
rNeg    . . .      Spirit   .    W - +0 troll leather armour
rPois   ∞          Reflect  +    o - +0 helmet
rElec   .          Rampage  .    (no cloak)
rCorr   .                        A - +0 pair of gloves
Will    ++...                    (boots unavailable)
Stlth   +                        s - amulet of reflection
HPRegen 1.12/turn                k - +5 ring of evasion
MPRegen 0.00/turn                C - ring of willpower

@: flying
A: sickness immunity, fire resistance 2, cold vulnerability 1, float, innate
caster, HP casting, extra vitality 1
a: Renounce Religion, Heroism, Finesse


You were on level 12 of the Dungeon.
You worshipped Okawaru.
Okawaru was greatly pleased with you.
You visited 2 branches of the dungeon, and saw 13 of its levels.

You collected 606 gold pieces.

Inventory:

Hand Weapons
 a - a +2 whip of venom
 b - a +2 sling of electrocution
 c - a +2 flail of venom
 d - a +5 trident
 L - a +0 dire flail
 M - a +2 hand axe
 R - a +5 scimitar
 S - a +3 long sword of freezing
 T - a +3 scimitar of flaming (weapon)
Missiles
 m - 6 javelins
 t - 30 poisoned darts
 B - 3 boomerangs
 E - a throwing net
 P - 2 curare-tipped darts
 Q - 7 boomerangs of dispersal
Armour
 l - a +2 robe of willpower
 o - a +0 helmet (worn)
 w - a +0 kite shield
 x - a +2 leather armour of cold resistance
 A - a +0 pair of gloves (worn)
 G - a +3 leather armour of positive energy
 W - a +0 troll leather armour (worn)
 X - +0 acid dragon scales
Jewellery
 k - a +5 ring of evasion (left hand)
 s - an amulet of reflection (around neck)
 v - a +6 ring of strength
 y - a ring of protection from fire
 C - a ring of willpower (right hand)
 J - a +6 ring of intelligence
 Z - an amulet of the acrobat
Wands
 r - a wand of flame (25)
 D - a wand of polymorph (3)
 Y - a wand of iceblast (12)
Scrolls
 g - a scroll of enchant armour
 j - 4 scrolls of poison
 p - 5 scrolls of teleportation
 q - 2 scrolls of fear
 H - 4 scrolls of blinking
 I - a scroll of silence
 U - a scroll of fog {unknown}
Potions
 e - a potion of might
 f - a potion of berserk rage
 h - 2 potions of brilliance
 i - a potion of invisibility {unknown}
 n - 6 potions of curing
 u - 2 potions of cancellation {unknown}
 z - 2 potions of heal wounds
 F - 3 potions of lignification
 K - a potion of resistance {unknown}
 N - a potion of ambrosia {unknown}
 V - 2 potions of haste {unknown}


   Skills:
 + Level 6.3 Fighting
 - Level 1.5 Polearms
 - Level 0.7 Throwing
 + Level 6.7 Armour
 + Level 7.6 Dodging
 - Level 10.0 Spellcasting
 * Level 5.4 Invocations


You knew the following spells:

 Your Spells              Type           Power      Damage    Failure   Level
a - Blink                 Tloc           74%        N/A       1%          2
b - Lesser Beckoning      Tloc           74%        N/A       1%          2
c - Vhi's Electric Charg  Tloc/Air       74%        N/A       1%          3
d - Teleport Other        Tloc           37%        N/A       1%          3
e - Manifold Assault      Tloc           37%        N/A       1%          4
f - Slow                  Hex            100%       N/A       1%          1
g - Call Imp              Summ           37%        N/A       1%          2
h - Hailstorm             Conj/Ice       37%        3d9       1%          3
i - Dazzling Flash        Conj/Hex       74%        N/A       1%          3
j - Lee's Rapid Deconstr  Erth           18%        3d11*     5%          5
Your spell library was empty.

Dungeon Overview and Level Annotations

Branches:
Dungeon (12/15)            Temple (1/1) D:7            Lair (0/5) D:10
    Orc (0/2) D:12

Altars:
Ashenzari
Cheibriados
Dithmenos
Elyvilon
Fedhas
Gozag
Hepliaklqana
Makhleb
Nemelex Xobeh
Okawaru
Qazlal
Ru
Trog
Uskayaw
Wu Jian
Xom
Yredelemnul
Zin
The Shining One

Shops:
D:5 *   D:7 =

Annotations:
D:4 4 runed translucent doors, Crazy Yiuf; qeuew's ghost, amateur DECj
D:10 2 transporters, pyrow613's ghost, journeyman DgGl


Innate Abilities, Weirdness & Mutations

You are immune to sickness and miasma.
You are immune to poison.
Your flesh is very heat resistant. (rF++)
You are vulnerable to cold. (rC-)
You float through the air rather than walking.
You learn spells naturally, not from books.
Your magical power is your life essence.
You have superior vitality. (+4 MHP)


Message History

You can't see any susceptible monsters within range! (Use Z to cast anyway.) Unknown command.
You feel stable enough to blink again. Something barely misses you.
Something closely misses you.
Casting: Blink (safe; 1% risk of failure)
Confirm with . or Enter, or press ? or * to list all spells.
You don't know that spell.
You miss something. Something hits you! Something barely misses you.
Something closely misses you. x2
You hit something but do no damage. Something hits you but does no damage.
Something completely misses you.
You miss something. Something hits you but does no damage. Something bites you.
You closely miss something. Something completely misses you.
Something barely misses you.
You hit something but do no damage. Something barely misses you.
Something bites you.
You hit something. You burn something. Something hits you. Something bites you.
You miss something. Something hits you but does no damage.
Something misses you. Something hits you!
* * * LOW HITPOINT WARNING * * *
Something barely misses you.
You closely miss something.
You feel like a meek peon again. Something closely misses you.
Something barely misses you.
You closely miss something. Something hits you!
* * * LOW HITPOINT WARNING * * *
Something bites you.
* * * LOW HITPOINT WARNING * * *
You miss something. Something hits you.
* * * LOW HITPOINT WARNING * * *
Something closely misses you. Something hits you but does no damage.
Something bites you but does no damage.
You hit something but do no damage. You block something's attack.
Something bites you but does no damage.
You barely miss something. Something hits you but does no damage.
Something bites you but does no damage.
You hit something. You burn something. Something hits you.
* * * LOW HITPOINT WARNING * * *
Something bites you!
You die...

#########+## #...........
###### #........... #
#....# ##...........
#...#....# #.....####+###
+........###.............
#.........@{(............
#...#.......####.........
#.. #.##....# #.........
. #. #....# #.........
##........ #.........
##.......#.........
#...>...#.........
#.......#......... ..
#.........


There were no monsters in sight!

Vanquished Creatures
  Erica (D:8)
  Pikel (D:4)
  2 cyclopes
  A manticore (D:11)
  An ugly thing (D:11)
  A tengu conjurer (D:11)
  3 trolls
  A shadow (D:10)
  A wraith (D:9)
  10 yaks
  Eustachio (D:4)
  A vampire (D:11)
  2 vampire mosquitoes (D:10)
  Edmund (D:3)
  2 steam dragons (D:8)
  Menkaure (D:4)
  2 acid dragons
  2 ice beasts (D:7)
  An orc warrior (D:9)
  2 black bears (D:6)
  A wolf (D:10)
  An ogre (D:4)
  3 centaurs
  3 lemures (D:3)
  2 kobold brigands
  2 scorpions (D:5)
  2 bullfrogs
  8 wights
  An electric eel (D:10)
  3 howler monkeys (D:8)
  9 hounds
  A jelly (D:7)
  2 orc priests
  2 gnoll boudas
  3 sleepcaps
  Ijyb (D:3)
  Natasha (twice) (D:4)
  4 iguanas
  6 orc wizards
  Robin (D:1)
  12 gnolls
  3 adders
  5 white imps
  An ufetubus (D:5)
  A worm (D:2)
  2 dart slugs
  26 orcs
  7 bats
  8 endoplasms
  3 giant cockroaches
  16 goblins
  5 hobgoblins
  9 jackals
  2 quokkas (D:5)
  6 ball pythons
  A frilled lizard (D:2)
  18 kobolds
  4 rats
223 creatures vanquished.

Notes
Turn   | Place    | Note
-------+----------+-------------------------------------------
     0 | D:1      | jimonade the Djinni Warper began the quest for the Orb.
     0 | D:1      | jimonade set off with the following spells memorised:
                  | Blink, Lesser Beckoning, Vhi's Electric Charge, Teleport
                  | Other, Manifold Assault.
     0 | D:1      | Reached XP level 1. HP: 18/18 MP: 0/0
   206 | D:1      | Reached XP level 2. HP: 23/23 MP: 0/0
   620 | D:1      | Reached skill level 3 in Spellcasting
   965 | D:2      | Reached XP level 3. HP: 28/28 MP: 0/0
   965 | D:2      | Learned a level 1 spell: Slow
  1032 | D:2      | Found a glowing silver altar of Zin.
  1196 | D:2      | Reached XP level 4. HP: 29/33 MP: 0/0
  1232 | D:2      | Noticed Robin
  1297 | D:1      | Killed Robin
  1628 | D:2      | Reached skill level 4 in Spellcasting
  1809 | D:2      | Reached XP level 5. HP: 19/38 MP: 0/0
  1809 | D:2      | Learned a level 2 spell: Call Imp
  1980 | D:3      | Noticed Ijyb
  2019 | D:3      | Killed Ijyb
  2182 | D:3      | Found a white marble altar of Elyvilon.
  2375 | D:3      | Found a faded altar of an unknown god.
  2601 | D:4      | Noticed Menkaure
  2603 | D:4      | Killed Menkaure
  2604 | D:4      | Reached skill level 5 in Spellcasting
  2604 | D:4      | Reached XP level 6. HP: 43/43 MP: 0/0
  2679 | D:4      | Noticed Natasha
  2681 | D:4      | Killed Natasha
  2686 | D:4      | Noticed an ogre
  2699 | D:4      | Killed an ogre
  2700 | D:4      | Reached XP level 7. HP: 48/49 MP: 0/0
  2700 | D:4      | Learned a level 3 spell: Hailstorm
  2926 | D:4      | Reached skill level 6 in Spellcasting
  3042 | D:4      | Found a runed translucent door.
  3043 | D:4      | Noticed Crazy Yiuf
  3057 | D:4      | Noticed Edmund
  3196 | D:4      | Noticed Pikel
  3200 | D:4      | Noticed Natasha
  3322 | D:3      | Killed Edmund
  3673 | D:4      | Found a runed translucent gate.
  3673 | D:4      | Noticed qeuew's ghost (amateur DECj)
  3674 | D:4      | Found a runed translucent gate.
  3675 | D:4      | Found a runed translucent gate.
  3958 | D:4      | Killed Natasha
  4044 | D:5      | Entered Level 5 of the Dungeon
  4214 | D:5      | Found Laraem's General Store.
  4225 | D:5      | Reached XP level 8. HP: 50/54 MP: 0/0
  4446 | D:5      | Reached skill level 7 in Spellcasting
  4469 | D:5      | Noticed Eustachio
  4731 | D:4      | Killed Eustachio
  4801 | D:4      | Killed Pikel
  4802 | D:4      | Reached skill level 8 in Spellcasting
  5080 | D:5      | Reached XP level 9. HP: 56/58 MP: 0/0
  5080 | D:5      | Learned a level 3 spell: Dazzling Flash
  5601 | D:6      | Reached skill level 9 in Spellcasting
  7038 | D:7      | Found Hoafrum's Jewellery Shoppe.
  7662 | D:7      | Reached skill level 10 in Spellcasting
  8150 | D:7      | Found a staircase to the Ecumenical Temple.
  8157 | Temple   | Entered the Ecumenical Temple
  8380 | Temple   | Became a worshipper of Warmaster Okawaru
  8881 | D:8      | Reached XP level 10. HP: 61/65 MP: 0/0
  9260 | D:8      | Noticed Erica
  9269 | D:8      | Killed Erica
  9269 | D:8      | Reached * piety under Okawaru
  9666 | D:8      | Reached skill level 1 in Invocations
  9861 | D:9      | Reached ** piety under Okawaru
  9862 | D:9      | Reached skill level 5 in Dodging
 10368 | D:9      | Reached skill level 5 in Armour
 10963 | D:10     | Entered Level 10 of the Dungeon
 11186 | D:10     | Reached XP level 11. HP: 61/74 MP: 0/0
 11186 | D:10     | Learned a level 5 spell: Lee's Rapid Deconstruction
 11197 | D:10     | Reached skill level 5 in Fighting
 11356 | D:10     | Reached *** piety under Okawaru
 11520 | D:10     | Found a staircase to the Lair.
 11774 | D:10     | Noticed pyrow613's ghost (journeyman DgGl)
 11779 | D:10     | Noticed a catoblepas
 11781 | D:10     | Noticed a moth of wrath
 11788 | D:10     | Found a transporter.
 11793 | D:10     | Noticed a five-headed hydra
 11827 | D:10     | Found a transporter.
 12539 | D:11     | Noticed a purple ugly thing
 12543 | D:11     | Killed a purple ugly thing
 12693 | D:11     | Reached skill level 5 in Invocations
 12892 | D:11     | Noticed a manticore
 12897 | D:11     | Killed a manticore
 12897 | D:11     | Reached **** piety under Okawaru
 13423 | D:11     | Noticed a cyclops
 13444 | D:11     | Killed a cyclops
 13578 | D:11     | Identified the ring of Fuedavomiwk {*Slow rElec EV+5 Int+3}
 13600 | D:11     | Identified the +4 falchion "Ogreslayer" {drain, Str+3}
 13939 | D:12     | Noticed a manticore
 14230 | D:12     | Noticed a cyclops
 14243 | D:12     | Killed a cyclops
 14244 | D:12     | Found a staircase to the Orcish Mines.
 14261 | D:12     | Slain by a vampire

Illustrated notes

Levels and vault maps discovered:
D:1:      lightli_arrival_farm, layout_basic
D:2:      layout_rooms, basic_altar, uniq_robin
D:3:      layout_rooms, mainiacjoe_overflow_six_doors_small,
          hellmonk_ecumenical_altar_defaced_shrine, uniq_ijyb
D:4:      layout_basic, biasface_ghost_orc_armoury, glass_columns_c,
          uniq_edmund, uniq_menkaure, uniq_natasha, uniq_pikel,
          uniq_crazy_yiuf_cottage
D:5:      layout_basic, serial_shops, nicolae_shop_statue_plus,
          kennysheep_cross_bottleneck, uniq_eustachio
D:6:      layout_loops_ring
D:7:      layout_basic, minmay_temple_entry_mist, serial_shops,
          nicolae_inconvenience_store, minmay_parallelograms
D:8:      layout_basic, uniq_erica
D:9:      layout_cave_pools, kennysheep_cross_room,
          chequers_serial_rivers_micro_d
D:10:     layout_loops_corners, erik_lair_island,
          gammafunk_ghost_berserking_beasts
D:11:     layout_stronghold
D:12:     layout_basic, orc_0_dummy, corner_web_ring, minmay_the_grid_2x2
          [minmay_the_grid_outer_diamond, minmay_the_grid_tree,
          minmay_the_grid_square_x, minmay_the_grid_prize_trominoes]
Temple:   mainiacjoe_temple_archimedes_tessellation

Skill      XL: |  1  2  3  4  5  6  7  8  9 10 11 |
---------------+----------------------------------+-----
Spellcasting   | 3 4 5 6 8 10 | 10.0
Armour         | 2 5 6 |  6.7
Dodging        | 5 7 |  7.6
Fighting       | 4 6 |  6.3
Invocations    | 3 5 |  5.4
Polearms       | |  1.5
Throwing       | |  0.7

Action                     |  1- 3 |  4- 6 |  7- 9 | 10-12 || total
---------------------------+-------+-------+-------+-------++-------
  Melee: Spear             |   121 |    47 |       |       ||   168
         Sling             |       |     1 |       |       ||     1
         Flail             |       |       |   100 |       ||   100
         Punch             |       |       |     5 |     5 ||    10
         Whip              |       |       |    46 |   213 ||   259
         Trident           |       |       |    14 |       ||    14
         Scimitar          |       |       |    12 |    65 ||    77
   Fire: Sling             |       |   127 |   148 |       ||   275
   Cast: Slow              |    10 |     6 |    11 |     3 ||    30
         Blink             |       |     6 |    17 |    17 ||    40
         Call Imp          |       |     1 |       |       ||     1
         Hailstorm         |       |       |    34 |    45 ||    79
         Manifold Assault  |       |       |     3 |    79 ||    82
         Vhi's Electric Ch |       |       |     3 |     5 ||     8
         Dazzling Flash    |       |       |     1 |     2 ||     3
         Lee's Rapid Decon |       |       |       |    28 ||    28
 Invoke: Heroism           |       |       |       |     4 ||     4
    Use: Scroll            |       |     5 |     9 |     5 ||    19
   Stab: Sleeping          |     2 |       |       |       ||     2
         Invisible         |       |       |       |     1 ||     1
 Armour: Leather armour    |    34 |    25 |    51 |    12 ||   122
         Troll leather arm |       |       |       |    20 ||    20
  Dodge: Dodged            |    64 |   101 |   225 |   170 ||   560
  Block: Other             |       |    30 |    58 |    38 ||   126
         Reflection        |       |     2 |     3 |     6 ||    11

Table legend: (Time is in decaauts)
 A = Elapsed time spent in this place.
 B = Non-inter-level travel time spent in this place.
 C = Inter-level travel time spent in this place.
 D = Time resting spent in this place.
 E = Time spent auto-exploring this place.
 F = Levels seen in this place.
 G = Mean time per level.
                   A        B        C        D        E       F      G
               +--------+--------+--------+--------+--------+-----+--------+
         Total |  14487 |  13996 |    491 |   2502 |   7195 |  13 | 1114.4 |
       Dungeon |  14224 |  13771 |    453 |   2502 |   6992 |  12 | 1185.3 |
        Temple |    262 |    224 |     38 |      0 |    203 |   1 |  262.0 |
               +--------+--------+--------+--------+--------+-----+--------+

Top non-repeatable levels by time:
    D:11: 1720 daAuts
     D:7: 1619 daAuts
     D:4: 1516 daAuts
    D:10: 1463 daAuts
     D:6: 1367 daAuts
     D:9: 1226 daAuts
     D:3: 1116 daAuts
     D:1: 1068 daAuts
     D:8: 1064 daAuts
     D:5: 1021 daAuts
     D:2: 913 daAuts
  Temple: 262 daAuts
    D:12: 126 daAuts
